 Dungeon Crawl Stone Soup version 0.21-a0-404-g291f19a (webtiles) character file.

7724 Atlas the Black Belt (level 11, -3/81 HPs)
             Began as a Yellow Draconian Transmuter on Oct 29, 2017.
             Was a Follower of Sif Muna.
             Slain by a troll (9 damage)
             ... on level 9 of the Dungeon.
             The game lasted 00:14:08 (10456 turns).

Atlas the Black Belt (Yellow Draconian Transmuter) Turns: 10456, Time: 00:14:08

Health: -3/81      AC:  9    Str: 12      XL:     11   Next: 0%
Magic:  10/18      EV: 14    Int: 13 (14) God:    Sif Muna [*.....]
Gold:   608        SH:  0    Dex: 14 (17) Spells: 4/19 levels left

rFire    . . .     SeeInvis .     - Unarmed
rCold    . . .     Gourm    +   (no shield)
rNeg     . . .     Faith    .   (armour unavailable)
rPois    .         Spirit   .   (helmet restricted)
rElec    .         Reflect  .   v - +0 cloak
rCorr    +         Harm     .   (no gloves)
MR       +....                  x - +0 pair of boots
Stlth    +.........             K - amulet of the gourmand
HPRegen  0.23/turn              h - ring of protection from magic
MPRegen  0.16/turn              l - ring of wizardry

@: very slightly contaminated, divine energy
A: spit acid, acid resistance, unfitting armour, agile 1, deterioration 1,
cold-blooded, subdued magic 1, AC +7
a: Breathe Acid, Stop Divine Energy, Renounce Religion


You were on level 9 of the Dungeon.
You worshipped Sif Muna.
Sif Muna was aware of your devotion.
You were not hungry.

You visited 2 branches of the dungeon, and saw 10 of its levels.
You also visited: Sewer.

You collected 608 gold pieces.

Inventory:

Missiles
 a - 156 arrows
Armour
 v - a +0 cloak (worn)
 x - a +0 pair of boots (worn)
 C - the +11 large shield "Osoirhet" {rC+ Dex+2}
   (You found it on level 7 of the Dungeon)

   It affects your dexterity (+2).
   It protects you from cold.
Jewellery
 h - a ring of protection from magic (left hand)
 l - a ring of wizardry (right hand)
 t - an uncursed ring of protection from fire
 K - an amulet of the gourmand (around neck)
Wands
 s - a wand of confusion (13/48)
 u - a wand of digging (10/24)
 L - a wand of flame (26/48)
Scrolls
 e - a scroll of amnesia
 f - 3 scrolls of recharging {unknown}
 i - 5 scrolls of teleportation
 j - 2 scrolls of remove curse
 k - a scroll of blinking
 m - a scroll of enchant armour
 o - 3 scrolls of magic mapping
 r - a scroll of fog {unknown}
 w - 2 scrolls of noise {unknown}
 y - 2 scrolls of fear {unknown}
 H - 2 scrolls of enchant weapon {unknown}
Potions
 d - 2 potions of magic
 n - 3 potions of haste {unknown}
 p - a potion of heal wounds
 z - 2 potions of lignification
 A - 2 potions of degeneration {unknown}
 B - a potion of ambrosia
 D - a potion of curing
 F - a potion of agility {unknown}
 G - a potion of cancellation
Books
 b - a book of Changes

   Spells                             Type                      Level
   a - Beastly Appendage              Transmutation                1
   b - Sticks to Snakes               Transmutation                2
   c - Spider Form                    Transmutation/Poison         3
   d - Ice Form                       Ice/Transmutation            4
   e - Blade Hands                    Transmutation                5
 I - a book of Flames

   Spells                             Type                      Level
   a - Flame Tongue                   Conjuration/Fire             1
   b - Throw Flame                    Conjuration/Fire             2
   c - Conjure Flame                  Conjuration/Fire             3
   d - Inner Flame                    Hexes/Fire                   3
   e - Sticky Flame                   Conjuration/Fire             4
   f - Fireball                       Conjuration/Fire             5
Comestibles
 c - 10 bread rations
 g - 9 royal jellies
 q - 5 meat rations
 E - 4 fruits
 J - a chunk of flesh


   Skills:
 + Level 2.7 Fighting
 + Level 4.4 Dodging
 + Level 15.1 Unarmed Combat
 + Level 4.9 Spellcasting
 + Level 5.2 Transmutations
 + Level 2.2 Poison Magic


You had 4 spell levels left.
You knew the following spells:

 Your Spells              Type           Power        Failure   Level  Hunger
a - Beastly Appendage     Tmut           ##....       1%          1    None
b - Sticks to Snakes      Tmut           ##......     1%          2    ##.....
c - Spider Form           Tmut/Pois      #.........   4%          3    ###....
d - Blade Hands           Tmut           ##........   21%         5    ######.
e - Ice Form              Ice/Tmut       #.......     22%         4    ####...


Dungeon Overview and Level Annotations

Branches:
Dungeon (9/15)             Temple (1/1) D:6
   Lair: D:8-11         Orc: D:9-12

Altars:
Ashenzari
Cheibriados
Elyvilon
Fedhas
Gozag
Kikubaaqudgha
Nemelex Xobeh
Okawaru
Ru
Sif Muna
Trog
Uskayaw
Wu Jian


Innate Abilities, Weirdness & Mutations

You can spit globs of acid.
You are resistant to acid.
Your golden yellow scales are hard. (AC +7)
You cannot fit into any form of body armour.
You are cold-blooded and may be slowed by cold attacks.
You are agile. (Dex +2)
Your body sometimes deteriorates upon taking damage.
Your spells are a little easier to cast, but a little less powerful.


Message History

You see here an adder corpse.
You butcher the adder corpse.
You feel sick.
A troll comes into view.
You see here a chunk of flesh.
J - a chunk of flesh You feel sick.
Your transformation has ended.
Your +0 cloak unmelds from your body.
Your +0 pair of boots unmelds from your body.
You feel sick.
You are no longer poisoned.
The troll misses you. The troll completely misses you.
The troll barely misses you.
Your ball python barely misses the troll.
There is a stone staircase leading up here.
Your ball python bites the troll but does no damage.
The troll bites you!
* * * LOW HITPOINT WARNING * * *
The troll claws you!
You die...

................
......#..>....#
..............#####
###...........#...#
#.................#
#...(.............#
#...........O.....##
####..........ST...###
.............a.S@.<..####
...............S........#
........................#
...............#........#
###.....................#
#......#......#...#####
##......#......#...#
#....#...##...##...#
#....#...###########


You could see a two-headed ogre, a troll, a worker ant and 3 friendly ball
pythons.

Vanquished Creatures
  Erolcha (D:9)
  Pikel (D:8)
  The ghost of apoch the Spear-Bearer, an amateur MfGl (D:4)
  Prince Ribbit (D:5)
  2 hippogriffs
  3 slime creatures (D:6)
  4 hogs (D:7)
  Eustachio (D:5)
  A human (D:7)
  Grum (D:8)
  A hungry ghost (D:7)
  Duvessa (D:5)
  2 slaves (D:8)
  2 orc warriors
  Purgy (Sewer)
  2 ice beasts
  A sky beast (D:6)
  4 wolves
  4 ogres
  A phantom (D:5)
  3 centaurs
  5 big kobolds (D:6)
  4 bullfrogs
  A gnoll sergeant (D:5)
  5 scorpions
  Dowan (D:5)
  5 killer bees
  A quasit (D:8)
  A hound (D:5)
  2 crimson imps (D:5)
  2 centaur skeletons
  7 jellies
  2 bullfrog skeletons (D:7)
  2 orc priests
  An orc wizard (D:5)
  An iguana (D:7)
  7 worker ants
  A killer bee zombie (D:5)
  A hound zombie (D:5)
  7 gnolls
  11 adders
  A shadow imp (D:9)
  A white imp (D:9)
  5 oozes
  An adder zombie (D:9)
  3 worms
  7 leopard geckos
  26 orcs
  4 giant cockroaches
  6 goblins
  9 hobgoblins
  6 jackals
  8 kobolds
  8 quokkas
  A ball python (D:1)
  14 bats
  4 frilled lizards
  A quokka simulacrum (D:9)
  A quokka zombie (D:7)
  7 rats
  A fungus (D:7)
219 creatures vanquished.

Vanquished Creatures (collateral kills)
  An ogre (D:4)
1 creature vanquished.

Vanquished Creatures (others)
  9 fungi (D:6)
  7 toadstools (D:6)
16 creatures vanquished.

Grand Total: 236 creatures vanquished

Notes
Turn   | Place    | Note
-------+----------+-------------------------------------------
     0 | D:1      | Atlas the Draconian Transmuter began the quest for the Orb.
     0 | D:1      | Reached XP level 1. HP: 16/16 MP: 3/3
   289 | D:1      | Reached XP level 2. HP: 22/23 MP: 3/5
  1134 | D:2      | Reached XP level 3. HP: 20/28 MP: 6/6
  1595 | D:2      | Reached XP level 4. HP: 28/35 MP: 7/7
  2093 | D:3      | Reached skill level 4 in Unarmed Combat
  3026 | D:3      | Learned a level 2 spell: Sticks to Snakes
  3031 | D:3      | Learned a level 3 spell: Spider Form
  3039 | D:4      | Reached XP level 5. HP: 36/40 MP: 5/9
  3129 | D:4      | Noticed an ogre
  3142 | D:4      | Killed an ogre
  3175 | D:4      | Noticed apoch's ghost (amateur MfGl)
  3506 | D:4      | Reached XP level 6. HP: 45/47 MP: 9/11
  3524 | D:4      | Reached skill level 5 in Unarmed Combat
  4136 | D:4      | Reached skill level 13 in Unarmed Combat
  4136 | D:4      | Your scales start taking on a golden yellow colour.
  4136 | D:4      | Reached XP level 7. HP: 23/52 MP: 10/12
  4154 | D:5      | Entered Level 5 of the Dungeon
  4619 | D:4      | Killed apoch's ghost
  4850 | D:5      | Reached XP level 8. HP: 56/59 MP: 10/13
  4876 | D:5      | Noticed Dowan
  4882 | D:5      | Noticed Duvessa
  4885 | D:5      | Killed Dowan
  4893 | D:5      | Killed Duvessa
  5053 | D:5      | Noticed Eustachio
  5067 | D:5      | Killed Eustachio
  5197 | D:5      | Learned a level 5 spell: Blade Hands
  5519 | D:5      | Noticed Prince Ribbit
  5557 | D:5      | Killed Prince Ribbit
  6127 | D:6      | Reached XP level 9. HP: 60/64 MP: 15/15
  6172 | D:6      | Gained mutation: Your spells are a little easier to cast, but a little less powerful. [mutagenic meat]
  6173 | D:6      | Gained mutation: You are agile. (Dex +2) [mutagenic meat]
  6174 | D:6      | Gained mutation: Your body sometimes deteriorates upon taking damage. [mutagenic meat]
  6193 | D:6      | Found a glowing drain.
  6215 | Sewer    | Entered a sewer
  6335 | Sewer    | Noticed Purgy
  6352 | Sewer    | Killed Purgy
  6462 | D:6      | Found a staircase to the Ecumenical Temple.
  6487 | Temple   | Entered the Ecumenical Temple
  6532 | Temple   | Became a worshipper of Sif Muna the Loreminder
  6672 | D:6      | Found a blossoming altar of Fedhas.
  7106 | D:6      | Reached skill level 1 in Poison Magic
  7705 | D:7      | Reached skill level 14 in Unarmed Combat
  8028 | D:7      | Reached XP level 10. HP: 73/73 MP: 16/16
  8250 | D:7      | Reached * piety under Sif Muna
  8514 | D:7      | Found a snail-covered altar of Cheibriados.
  8821 | D:7      | Got a bloodstained large shield
  8827 | D:7      | Identified the +11 large shield "Osoirhet" {rC+ Dex+2} (You found it on level 7 of the Dungeon)
  8911 | D:8      | Noticed Grum
  8929 | D:7      | Learned a level 4 spell: Ice Form
  9103 | D:8      | Reached skill level 5 in Transmutations
  9497 | D:8      | Killed Grum
  9630 | D:8      | Noticed Pikel
  9669 | D:8      | Killed Pikel
  9962 | D:8      | Found a bloodstained altar of Trog.
 10308 | D:9      | Noticed Erolcha
 10328 | D:9      | Killed Erolcha
 10328 | D:9      | Reached skill level 15 in Unarmed Combat
 10423 | D:9      | Noticed a two-headed ogre
 10427 | D:9      | Reached XP level 11. HP: 47/81 MP: 18/18
 10433 | D:9      | HP: 1/81 [two-headed ogre/giant spiked club (24)]
 10456 | D:9      | Slain by a troll

Vault maps used:
D:1:      sevenhm_arrival_forest_fort_small_4, hangedman_abyss_or_decor_stabs
D:2:      first_bread, patterned_corridor
D:3:      minmay_misc_feat_ornament, st_stairs_11
D:5:      minmay_crystal_water, uniq_prince_ribbit1, uniq_eustachio,
          uniq_duvessa
D:6:      cheibrodos_fertilizer, minmay_temple_entry_steel_oval,
          cheibrodos_sewer_entry_drain, fedhas_bush_and_centaur_altar
D:7:      cheibrodos_worm_habitat, grunt_livestock, minmay_gold_behind_fungi
D:8:      bloody_trog, uniq_pikel, uniq_grum
D:9:      serial_ice, serial_ice_o, serial_ice_f, serial_ice_a, serial_ice_d,
          hangedman_abyss_or_decor_clamps, grunt_gozag_breadcrumbs, uniq_erolcha
Temple:   regret_index_temple_chain_breaker
Sewer:    sewer_big_baddie

Skill      XL: |  1  2  3  4  5  6  7  8  9 10 |
---------------+-------------------------------+-----
Dodging        | 2 3 4 |  4.4
Unarmed Combat | 4 13 14 15 | 15.1
Transmutations | 3 4 5 |  5.2
Spellcasting   | 3 4 |  4.9
Fighting       | 2 |  2.7
Poison Magic   | 1 2 |  2.2

Action                   |  1- 3 |  4- 6 |  7- 9 | 10-12 || total
-------------------------+-------+-------+-------+-------++-------
Melee: Unarmed           |   113 |   140 |   327 |   239 ||   819
       Kick              |     9 |    11 |     8 |       ||    28
       Tailslap          |    10 |    19 |    18 |    26 ||    73
       Headbutt          |     3 |    12 |     7 |     1 ||    23
       Punch             |     1 |     1 |    10 |    16 ||    28
 Cast: Beastly Appendage |    19 |    29 |    12 |     3 ||    63
       Spider Form       |       |     1 |    10 |     7 ||    18
       Sticks to Snakes  |       |     3 |     9 |     5 ||    17
Invok: Divine Energy     |       |       |       |     1 ||     1
 Abil: Breathe Acid      |       |       |     7 |     1 ||     8
  Use: Scroll            |       |     7 |     4 |     4 ||    15
       Potion            |       |     4 |     2 |     2 ||     8
 Stab: Sleeping          |       |       |     1 |     3 ||     4
       Distracted        |       |       |     1 |     1 ||     2
  Eat: Chunk             |     3 |     6 |    15 |    11 ||    35
       Bread ration      |       |     1 |       |       ||     1
       Meat ration       |       |       |     1 |       ||     1
Armor: Skin              |    28 |    38 |    60 |    36 ||   162
Dodge: Dodged            |    76 |    95 |   180 |   172 ||   523

Table legend:
 A = Spawn XP
 B = Non-spawn XP
 C = Spawn XP percentage of total XP
 D = Spawn monster count
 E = Non-spawn monster count
 F = Spawn count percentage of total count
 G = Total turns spent on level
                    A         B        C        D         E        F      G
               +---------+---------+-------+---------+---------+-------+---------
         Total |       0 |   10562 |   0.0 |       0 |     217 |   0.0 | 10456
               +---------+---------+-------+---------+---------+-------+---------
           D:1 |       0 |      35 |   0.0 |       0 |      21 |   0.0 |  1074
           D:2 |       0 |      85 |   0.0 |       0 |      19 |   0.0 |   880
           D:3 |       0 |      71 |   0.0 |       0 |      19 |   0.0 |  1056
           D:4 |       0 |     587 |   0.0 |       0 |      13 |   0.0 |  1566
           D:5 |       0 |    1505 |   0.0 |       0 |      28 |   0.0 |  1519
           D:6 |       0 |    2183 |   0.0 |       0 |      41 |   0.0 |  1488
           D:7 |       0 |    2444 |   0.0 |       0 |      31 |   0.0 |  1357
           D:8 |       0 |    2155 |   0.0 |       0 |      28 |   0.0 |   988
           D:9 |       0 |    1357 |   0.0 |       0 |      11 |   0.0 |   257
         Sewer |       0 |     140 |   0.0 |       0 |       6 |   0.0 |   210
               +---------+---------+-------+---------+---------+-------+---------
